 Dungeon Crawl Stone Soup version 0.17-a0-1435-geafbe2f (webtiles) character file.

871 Hanyuu the Insei (level 8, -1/49 HPs)
             Began as an Octopode Transmuter on June 26, 2015.
             Was a Follower of Makhleb.
             Shot with an arrow by a centaur (2 damage)
             ... on level 5 of the Dungeon.
             The game lasted 00:15:18 (6179 turns).

Hanyuu the Insei (Octopode Transmuter)              Turns: 6179, Time: 00:15:18

Health: -1/49      AC:  2    Str:  9    XL:     8   Next: 3%
Magic:  2/11       EV: 17    Int: 17    God:    Makhleb [*.....]
Gold:   242        SH:  0    Dex: 18    Spells: 3 memorised, 5 levels left

rFire  . . .     SeeInvis .       - Unarmed
rCold  . . .     Clarity  .     (shield currently unavailable)
rNeg   . . .     SustAt   .     (helmet currently unavailable)
rPois  x         Gourm    .     (no amulet)
rElec  .         Spirit   .     (no ring)
rCorr  .         Warding  .     (no ring)
rMut   .         Stasis   .     (no ring)
MR     .....                    (no ring)
Stlth  ++........               (no ring)
                                (no ring)
                                (no ring)
                                (no ring)

@: spider-form (expiring), very slightly contaminated, not resistant to hostile
enchantments, unstealthy
A: almost no armour, amphibious, 8 rings, (constrict 8), (camouflage 0),
(gelatinous body 0)
a: End Transformation, Renounce Religion


You were on level 5 of the Dungeon.
You worshipped Makhleb.
Makhleb was aware of your devotion.
You were very hungry.
You were a venomous arachnid creature.
You visited 1 branch of the dungeon, and saw 5 of its levels.

You collected 242 gold pieces.

Inventory:

Hand weapons
 b - a +1 blowgun
Missiles
 a - 64 arrows
 f - 45 poisoned needles
 m - 4 tomahawks (quivered)
 n - a throwing net
Magical devices
 p - a wand of slowing (37)
Scrolls
 g - a scroll of amnesia {unknown}
 i - a scroll of teleportation {unknown}
 j - a scroll of enchant armour
 k - a scroll of enchant weapon
 l - a scroll of noise {unknown}
 t - a scroll of identify
 u - a scroll of immolation
Potions
 e - 2 potions of flight
 h - 2 potions of invisibility
 o - a potion of curing
 q - a potion of brilliance
Books
 r - a book of Changes

   Spells                             Type                      Level
   a - Beastly Appendage              Transmutation                1
   b - Sticks to Snakes               Transmutation                2
   c - Spider Form                    Transmutation/Poison         3
   d - Ice Form                       Ice/Transmutation            4
   e - Blade Hands                    Transmutation                5
Comestibles
 c - 5 bread rations
 s - a beef jerky


   Skills:
 + Level 1.7 Fighting
 + Level 3.9 Dodging
 * Level 7.7 Unarmed Combat
 - Level 2.0 Spellcasting
 - Level 4.0 Transmutations


You had 5 spell levels left.
You knew the following spells:

 Your Spells              Type           Power        Failure   Level  Hunger
a - Beastly Appendage     Trmt           ###...       12%         1    #......
b - Sticks to Snakes      Trmt           ###.......   17%         2    ###....
c - Spider Form           Trmt/Pois      #.........   45%         3    ###....


Dungeon Overview and Level Annotations

Branches:
Dungeon (5/15)
 Temple: D:4-7

Altars:
Dithmenos
Makhleb
Nemelex Xobeh

Annotations:
D:3 pulse's ghost, average FoFi


Innate Abilities, Weirdness & Mutations

You cannot wear most types of armour.
You are amphibious.
You can wear up to eight rings at the same time.
((You can use your tentacles to constrict eight enemies at once.))
((Your skin changes colour to match your surroundings (Stealth).))
((Your rubbery body absorbs attacks (AC +1).))


Message History

You see here an arrow.
The centaur shoots an arrow.
The arrow misses you.
You see here an arrow.
The centaur shoots an arrow.
The arrow hits you.
You see here an arrow.
The centaur shoots an arrow.
The arrow closely misses you.
You see here an arrow.
Your transformation is almost over.
The centaur shoots an arrow.
The arrow completely misses you.
The centaur shoots an arrow.
The arrow hits you!
* * * LOW HITPOINT WARNING * * *
You see here 2 arrows.
The centaur shoots an arrow.
The arrow misses you.
You see here an arrow.
The centaur shoots an arrow.
The arrow hits you!
* * * LOW HITPOINT WARNING * * *
There is a stone staircase leading up here.
You see here an arrow.
The centaur shoots an arrow.
The arrow hits you.
You die...

.....<.........
...............
...............
...............
...............
......[.........
................
........s....... .
........(....... ..
........(....... ...
........(.......
............(.......
#...........(.......
#....c#####.........
.......)###(........
....c...).(.###.....


You could see a centaur.

Vanquished Creatures
  A phantom (D:4)
  An ogre (D:4)
  A necrophage (D:5)
  A centaur skeleton (D:4)
  A hound (D:4)
  An orc priest (D:4)
  A giant frog skeleton (D:4)
  Ijyb (D:3)
  Terence (D:3)
  Natasha (D:3)
  3 orc wizards
  5 worker ants (D:4)
  3 adders
  7 gnolls
  2 shadow imps
  2 oozes (D:3)
  An adder skeleton (D:4)
  2 worms
  5 giant geckos
  18 orcs
  2 ball pythons
  13 bats
  4 giant cockroaches
  8 hobgoblins
  7 jackals
  7 kobolds
  3 quokkas
  3 giant newts
  16 goblins
  5 rats
126 creatures vanquished.

Notes
Turn   | Place    | Note
--------------------------------------------------------------
     0 | D:1      | Hanyuu the Octopode Transmuter began the quest for the Orb.
     0 | D:1      | Reached XP level 1. HP: 13/13 MP: 3/3
   313 | D:1      | Reached XP level 2. HP: 11/18 MP: 5/5
  1338 | D:2      | Reached skill level 4 in Unarmed Combat
  1342 | D:2      | Learned a level 2 spell: Sticks to Snakes
  1387 | D:2      | Reached XP level 3. HP: 20/23 MP: 6/6
  1392 | D:2      | Learned a level 3 spell: Spider Form
  2177 | D:3      | Reached XP level 4. HP: 24/28 MP: 7/7
  2596 | D:3      | Reached skill level 5 in Unarmed Combat
  2611 | D:3      | Noticed pulse's ghost (average FoFi)
  2766 | D:3      | Noticed Natasha
  2785 | D:3      | Killed Natasha
  2785 | D:3      | Reached XP level 5. HP: 30/33 MP: 4/8
  2982 | D:3      | Noticed Ijyb
  2996 | D:3      | Noticed Terence
  3002 | D:3      | Killed Ijyb
  3007 | D:3      | Killed Terence
  3033 | D:3      | Reached XP level 6. HP: 18/38 MP: 4/9
  3569 | D:3      | Reached skill level 6 in Unarmed Combat
  4078 | D:4      | Found a burning altar of Makhleb.
  4086 | D:4      | Became a worshipper of Makhleb the Destroyer
  4146 | D:4      | Found a sparkling altar of Nemelex Xobeh.
  4311 | D:4      | Found a shadowy altar of Dithmenos.
  4800 | D:4      | Reached XP level 7. HP: 41/43 MP: 4/10
  5241 | D:4      | Reached skill level 7 in Unarmed Combat
  5509 | D:4      | Acquired Makhleb's first power
  6106 | D:5      | Entered Level 5 of the Dungeon
  6139 | D:5      | Reached XP level 8. HP: 27/48 MP: 3/11
  6178 | D:5      | HP: 1/49 [centaur/arrow (7)]
  6179 | D:5      | Shot with an arrow by a centaur

Vault maps used:
D:1:      minmay_arrival_doors
D:3:      uniq_iyjb, uniq_terence, uniq_natasha
D:4:      kennysheep_big_flooded_room, grunt_dithmenos_shadows,
          lemuel_doored_altar, bloody_makhleb
D:5:      grunt_temple_overflow_magic_moments, serial_shops, shop, first_bread,
          kb_xom_exploding_sheep, uniq_menkaure, uniq_pikel, uniq_sigmund

Action                   |  1- 3 |  4- 6 |  7- 9 || total
-------------------------+-------+-------+-------++-------
Melee: Unarmed           |    98 |   130 |    88 ||   316
 Fire: Blowgun           |       |     2 |    20 ||    22
 Cast: Sticks to Snakes  |     1 |    16 |       ||    17
       Beastly Appendage |     1 |     5 |     1 ||     7
       Spider Form       |       |     5 |     6 ||    11
  Use: Scroll            |       |     4 |     5 ||     9
       Potion            |       |       |     1 ||     1
 Stab: Sleeping          |     6 |    10 |       ||    16
  Eat: Chunk             |     4 |     9 |     4 ||    17
       Beef jerky        |       |     1 |       ||     1
